 Dungeon Crawl Stone Soup version 0.29.1-1-gd02db6906a (webtiles) character file.

Game seed: 9765251955074899828

5503 groovy9 the Cleaver (level 10, -5/84 (86) HPs)
             Began as a Minotaur Fighter on Sept 28, 2022.
             Was a Priest of Makhleb.
             Slain by a two-headed ogre
             ... wielding a +0 giant spiked club
              (23 damage)
             ... on level 9 of the Dungeon on Sept 29, 2022.
             The game lasted 00:32:58 (8079 turns).

groovy9 the Cleaver (Minotaur Fighter)              Turns: 8079, Time: 00:32:58

HP:   -5/84 (86)    AC: 13    Str: 25    XL:     10   Next: 42%
MP:   9/9           EV:  5    Int:  5    God:    Makhleb [***...]
Gold: 586           SH: 10    Dex: 10    Spells: 9/9 levels left

rFire   . . .      SeeInvis .   a - +0 war axe
rCold   . . .      Faith    .   D - +0 kite shield
rNeg    . . .      Spirit   .   i - +0 plate armour
rPois   +          Reflect  .   (helmet restricted)
rElec   .          Harm     .   (no cloak)
rCorr   .          Rampage  .   q - +0 pair of gloves
Will    +....                   A - +0 pair of boots
Stlth   ..........              n - amulet of regeneration
HPRegen 1.04/turn               x - ring of poison resistance
MPRegen 0.11/turn               l - ring of willpower

@: marked, lightly drained
A: horns 2, retaliatory headbutt
a: Renounce Religion, Minor Destruction, Lesser Servant of Makhleb


You were on level 9 of the Dungeon.
You worshipped Makhleb.
Makhleb was most pleased with you.
You visited 2 branches of the dungeon, and saw 10 of its levels.

You collected 586 gold pieces.

Inventory:

Hand Weapons
 a - a +0 war axe (weapon)
 v - the +5 arbalest "Laniziw" {penet, Int+5 SInv Stlth+}
   (You found it on level 5 of the Dungeon)

   Any ammunition fired by it passes through the targets it hits, potentially
   hitting all targets in its path until it reaches maximum range.
   Int:       It affects your intelligence (+5).
   SInv:      It lets you see invisible.
   Stlth:     It makes you more stealthy.
 G - a +4 battleaxe
Missiles
 F - a curare-tipped dart (quivered)
 H - a throwing net
Armour
 c - a +0 buckler
 i - a +0 plate armour (worn)
 q - a +0 pair of gloves (worn)
 t - the +18 shield of the Gong {rElec rN+ Will+ EV-5}
   (You found it on level 9 of the Dungeon)

   It is deafeningly noisy when blocking attacks.
   EV:        It affects your evasion (-5).
   rElec:     It insulates you from electricity.
   rN:        It protects you from negative energy.
   Will:      It increases your willpower.
 u - +0 acid dragon scales
 A - a +0 pair of boots (worn)
 D - a +0 kite shield (worn)
Jewellery
 j - a ring of resist corrosion
 l - a ring of willpower (right hand)
 n - an amulet of regeneration (around neck)
 p - a ring of protection from cold
 w - a +6 ring of dexterity
 x - a ring of poison resistance (left hand)
 B - a ring of protection from cold
 E - a +4 ring of slaying
Wands
 b - a wand of flame (15)
 d - a wand of digging (7)
 g - a wand of acid (6)
 I - a wand of polymorph (3)
Scrolls
 e - 3 scrolls of magic mapping
 f - a scroll of enchant armour
 k - 3 scrolls of teleportation
 o - a scroll of fog
 r - a scroll of amnesia
 y - 3 scrolls of vulnerability
 C - 3 scrolls of identify
 J - a scroll of blinking
Potions
 h - 4 potions of heal wounds
 m - a potion of lignification
 s - 5 potions of curing
 z - 2 potions of haste


   Skills:
 + Level 7.1 Fighting
 - Level 14.9 Axes
 - Level 3.6 Armour
 - Level 10.0 Shields


You had 9 spell levels left.
You didn't know any spells.
Your spell library contained the following spells:

 Spells                   Type           Power      Damage    Failure   Level
 Apportation              Tloc           0%         N/A       100%        1
 Magic Dart               Conj           0%         1d3       100%        1
 Necrotise                Necr           0%         1d4       100%        1
 Summon Small Mammal      Summ           0%         N/A       100%        1
 Searing Ray              Conj           0%         2d4       100%        2
 Corpse Rot               Necr/Pois/Air  0%         N/A       100%        4
 Dispel Undead            Necr           0%         3d6       100%        4
 Fulminant Prism          Conj/Hex       0%         3d6       100%        4
 Death Channel            Necr           0%         N/A       100%        6


Dungeon Overview and Level Annotations

Branches:
Dungeon (9/15)             Temple (1/1) D:4
   Lair: D:8-11         Orc: D:9-12

Altars:
Ashenzari
Cheibriados
Dithmenos
Elyvilon
Fedhas
Gozag
Hepliaklqana
Kikubaaqudgha
Makhleb
Nemelex Xobeh
Okawaru
Qazlal
Ru
Sif Muna
Trog
Uskayaw
Vehumet
Wu Jian
Xom
Yredelemnul
Zin
The Shining One


Innate Abilities, Weirdness & Mutations

You have a pair of horns on your head.
You reflexively headbutt those who attack you in melee.


Message History

You barely miss the wight. You headbutt the wight!
You destroy the wight!
Makhleb accepts your kill.
Your Fighting skill increases to level 7!
You closely miss the wight. Your headbutt misses the wight.
The wight hits you with a +2 mace of freezing!
You feel drained. The wight freezes you.
You are too injured to fight recklessly!
You are too injured to fight recklessly!
You are too injured to fight recklessly!
You are too injured to fight recklessly!
You slash the wight!
The wight is almost destroyed.
You hit the wight but do no damage. You headbutt the wight.
You destroy the wight!
Makhleb accepts your kill.
You feel better.
You start resting.
HP restored.
Items here: ))))) [[[[[.
Okay, then.
You open the door.
A two-headed ogre comes into view.
It is wielding two +0 giant spiked clubs.
Found a wand of flame (2).
Found a stone staircase leading down.
You slash the two-headed ogre! You headbutt the two-headed ogre.
The two-headed ogre is moderately wounded.
The two-headed ogre hits you with a +0 giant spiked club!!
The two-headed ogre closely misses you.
You hit the two-headed ogre. You headbutt the two-headed ogre.
The two-headed ogre is moderately wounded.
The two-headed ogre hits you with a +0 giant spiked club.
The two-headed ogre hits you with a +0 giant spiked club!
You barely miss the two-headed ogre. You headbutt the two-headed ogre!
The two-headed ogre is heavily wounded.
You hit the two-headed ogre but do no damage.
The two-headed ogre is heavily wounded.
The two-headed ogre hits you with a +0 giant spiked club!!
* * * LOW HITPOINT WARNING * * *
The two-headed ogre hits you with a +0 giant spiked club!!
You die...

####+######
#..........#
###........#
######.### #()....#
####.####### ##+##
#..........#
......####..........#
......'..#..........#
......##.#@..........
/>... #.O..........#
.... ###..........#
... #..........# ..
##.######### + #..
####


You could see a two-headed ogre.

Vanquished Creatures
  2 vault sentinels (D:9)
  Maggie (D:7)
  The ghost of XxsatanxX the Chopper, an amateur MiBe of Trog (D:4)
  Grinder (D:3)
  Sigmund (D:3)
  A steam dragon (D:7)
  2 acid dragons (D:9)
  Edmund (D:6)
  A water moccasin (D:6)
  An orc warrior (D:7)
  An ice beast (D:7)
  An ogre (D:7)
  2 centaurs (D:8)
  2 phantoms
  2 kobold brigands
  A bullfrog (D:8)
  3 gnoll sergeants
  2 necrophages
  4 scorpions
  11 wights
  5 killer bees (D:8)
  4 howler monkeys
  2 jellies (D:5)
  A gnoll bouda (D:6)
  7 orc priests
  6 hounds
  Jessica (D:2)
  Ijyb (D:5)
  An iguana (D:6)
  7 orc wizards
  Robin (D:2)
  12 gnolls
  2 river rats (D:4)
  13 adders
  A shadow imp (D:7)
  2 ufetubi
  A worm (D:4)
  2 dart slugs
  36 orcs
  10 endoplasms
  4 giant cockroaches
  20 goblins
  8 hobgoblins
  2 jackals (D:6)
  13 kobolds
  5 quokkas
  5 ball pythons
  10 bats
  3 rats
226 creatures vanquished.

Vanquished Creatures (others)
  3 orcs
3 creatures vanquished.

Grand Total: 229 creatures vanquished

Notes
Turn   | Place    | Note
-------+----------+-------------------------------------------
     0 | D:1      | groovy9 the Minotaur Fighter began the quest for the Orb.
     0 | D:1      | Reached XP level 1. HP: 19/19 MP: 0/0
   108 | D:1      | Found a faded altar of an unknown god.
   113 | D:1      | Reached skill level 3 in Axes
   126 | D:1      | Reached XP level 2. HP: 13/26 MP: 1/1
   931 | D:1      | Reached skill level 4 in Axes
  1247 | D:2      | You fall into a shaft and drop 2 floors!
  1247 | D:4      | Found a runed translucent door.
  1249 | D:4      | Noticed XxsatanxX's ghost (amateur MiBe)
  1257 | D:4      | Reached XP level 3. HP: 31/31 MP: 2/2
  1300 | D:3      | Noticed Grinder
  1304 | D:3      | Paralysed by Grinder for 2 turns
  1311 | D:3      | Killed Grinder
  1312 | D:3      | Reached skill level 7 in Axes
  1312 | D:3      | Reached XP level 4. HP: 39/39 MP: 3/3
  1312 | D:3      | Reached XP level 5. HP: 45/45 MP: 4/4
  1439 | D:2      | Reached XP level 6. HP: 48/51 MP: 5/5
  1572 | D:2      | Noticed Jessica
  1595 | D:2      | Killed Jessica
  1734 | D:2      | Noticed Robin
  1752 | D:2      | Killed Robin
  1753 | D:2      | Reached skill level 8 in Axes
  2578 | D:3      | Noticed Sigmund
  2991 | D:3      | Found an ornate altar of the Wu Jian Council.
  3440 | D:4      | Reached skill level 9 in Axes
  3574 | D:4      | Reached XP level 7. HP: 45/57 MP: 6/6
  3647 | D:4      | Found a staircase to the Ecumenical Temple.
  3651 | Temple   | Entered the Ecumenical Temple
  3747 | Temple   | Became a worshipper of Makhleb the Destroyer
  4006 | D:4      | Found a broken altar of Ashenzari.
  4007 | D:4      | Found a shadowy altar of Dithmenos.
  4249 | D:4      | Found a runed translucent door.
  4280 | D:4      | Killed XxsatanxX's ghost
  4281 | D:4      | Reached skill level 10 in Axes
  4343 | D:5      | Entered Level 5 of the Dungeon
  4433 | D:5      | Reached skill level 11 in Axes
  4530 | D:5      | Noticed Ijyb
  4544 | D:5      | Killed Ijyb
  4573 | D:5      | Identified the +5 arbalest "Laniziw" {penet, Int+5 SInv
                  | Stlth+}
  4615 | D:5      | Reached XP level 8. HP: 61/64 MP: 7/7
  4867 | D:5      | Reached * piety under Makhleb
  4928 | D:5      | Reached skill level 12 in Axes
  5160 | D:6      | Noticed Edmund
  5212 | D:6      | Found a shimmering altar of Xom.
  5218 | D:6      | Found a shimmering altar of Xom.
  5283 | D:6      | Killed Edmund
  5293 | D:6      | Found a glowing golden altar of the Shining One.
  5348 | D:6      | Reached skill level 13 in Axes
  5609 | D:6      | Reached ** piety under Makhleb
  5621 | D:6      | Reached XP level 9. HP: 48/70 MP: 8/8
  5627 | D:6      | Reached skill level 14 in Axes
  6091 | D:3      | Killed Sigmund
  6456 | D:7      | Noticed Maggie
  6472 | D:7      | Killed Maggie
  6473 | D:7      | Reached skill level 5 in Shields
  7013 | D:8      | Reached *** piety under Makhleb
  7218 | D:8      | Reached XP level 10. HP: 55/77 MP: 9/9
  7419 | D:8      | Found a flagged portal.
  7663 | D:8      | Reached skill level 10 in Shields
  7878 | D:9      | Noticed a vault sentinel
  7878 | D:9      | Noticed a vault sentinel
  7918 | D:9      | Killed a vault sentinel
  7919 | D:9      | Reached skill level 5 in Fighting
  7939 | D:9      | Killed a vault sentinel
  7973 | D:9      | Found the +18 shield of the Gong {rElec rN+ Will+ EV-5}
  8068 | D:9      | Noticed a two-headed ogre
  8079 | D:9      | Slain by a two-headed ogre

Illustrated notes

Levels and vault maps discovered:
D:1:      dpeg_arrival_castle, layout_loops_cross,
          chequers_ecumenical_altar_simple_redux, minmay_misc_feat_doors,
          minmay_distorted
D:2:      minmay_skewed_foursquare, layout_basic, roderic_lattice_a,
          uniq_jessica, uniq_robin
D:3:      layout_loops_ring, lemuel_tele_altar, serial_rivers,
          chequers_serial_rivers_micro_a, chequers_serial_rivers_micro_b,
          chequers_serial_rivers_small_b, chequers_serial_rivers_marsh,
          minmay_checkerbox, uniq_grinder, uniq_sigmund
D:4:      layout_loops_cross, gammafunk_temple_overflow_pools,
          minmay_temple_entry_proselytizer, ebering_ghost_sewer_f, st_stairs_8
D:5:      layout_loops_ring, uniq_ijyb
D:6:      layout_cave_pools, xom_redecorated, mainiacjoe_overflow_paths,
          serial_gnoll_camp, gnoll_camp_mini_loothouse, gnoll_camp_mini_basic,
          gnoll_camp_mini_hut, gnoll_camp_mini_basic, uniq_edmund
D:7:      layout_basic, amcnicky_mini_pool_small, lightli_orcish_oven,
          uniq_maggie
D:8:      layout_basic, enter_bailey_3, dk_vineyard_3, kennysheep_potato
D:9:      layout_roguey, hellmonk_guarded_unrand_gong
Temple:   minmay_temple_bridge_d

Skill      XL: |  1  2  3  4  5  6  7  8  9 10 |
---------------+-------------------------------+-----
Axes           | 3 4 7 9 11 13 14 | 14.9
Shields        | 9 10 | 10.0
Fighting       | 7 |  7.1
Armour         | |  3.6

Action                   |  1- 3 |  4- 6 |  7- 9 | 10-12 || total
-------------------------+-------+-------+-------+-------++-------
Melee: War axe           |    49 |   166 |   328 |   103 ||   646
       Headbutt          |     3 |    16 |    41 |    14 ||    74
       Battleaxe         |       |       |    52 |    11 ||    63
  Use: Scroll            |     3 |     4 |     6 |       ||    13
       Potion            |     2 |       |     6 |     4 ||    12
 Stab: Invisible         |       |       |     3 |       ||     3
Armor: Scale mail        |    11 |       |       |       ||    11
       Plate armour      |    10 |   104 |   180 |    24 ||   318
       Skin              |       |       |    23 |       ||    23
Dodge: Dodged            |    16 |    32 |    92 |    15 ||   155
Block: Buckler           |     9 |    26 |    48 |       ||    83
       Kite shield       |       |       |       |    36 ||    36
